 Dungeon Crawl Stone Soup version 0.22-a0-157-g169b76a (webtiles) character file.

2729 mhoghedin the Jinx (level 9, -1/52 HPs)
             Began as a Deep Elf Conjurer on Feb 8, 2018.
             Was a Follower of Dithmenos.
             Slain by a troll (17 damage)
             ... on level 7 of the Dungeon.
             The game lasted 00:19:40 (7075 turns).

mhoghedin the Jinx (Deep Elf Conjurer)              Turns: 7075, Time: 00:19:41

Health: -1/52      AC:  4    Str:  5    XL:     9   Next: 40%
Magic:  9/30       EV: 16    Int: 24    God:    Dithmenos [*.....]
Gold:   341        SH:  0    Dex: 15    Spells: 4/22 levels left

rFire    . . .     SeeInvis .   a - +2 mace (venom)
rCold    . . .     Gourm    .   (no shield)
rNeg     . . .     Faith    .   u - +0 robe {MR+}
rPois    .         Spirit   .   p - +0 helmet
rElec    .         Reflect  .   (no cloak)
rCorr    .         Harm     .   (no gloves)
MR       ++...                  n - +0 pair of boots
Stlth    +++.......             (no amulet)
HPRegen  0.17/turn              i - ring of protection from magic {MR+, !d}
MPRegen  0.22/turn              h - ring of magical power {MP+9}

@: very slightly contaminated, wreathed by umbra
A: no striking features
a: Renounce Religion


You were on level 7 of the Dungeon.
You worshipped Dithmenos.
Dithmenos was aware of your devotion.
You were not hungry.

You visited 1 branch of the dungeon, and saw 7 of its levels.

You collected 341 gold pieces.

Inventory:

Hand Weapons
 a - a +2 mace of venom (weapon)
   (You found it on level 5 of the Dungeon)
Missiles
 k - a throwing net {=f, !d}
 s - 7 curare-tipped needles
Armour
 n - a +0 pair of boots (worn)
   (You found it on level 2 of the Dungeon)
 p - a +0 helmet (worn)
   (You took it off Robin on level 2 of the Dungeon)
 u - a +0 robe of magic resistance (worn)
   (You took it off Pikel on level 5 of the Dungeon)
Jewellery
 h - a ring of magical power (right hand) {MP+9}
   (You found it on level 2 of the Dungeon)
 i - a ring of protection from magic (left hand) {MR+, !d}
   (You found it on level 1 of the Dungeon)
Wands
 v - a wand of acid (6)
   (You found it on level 3 of the Dungeon)
Scrolls
 e - 4 scrolls of amnesia
 f - a scroll of immolation {unknown}
 j - 2 scrolls of enchant weapon
 m - 2 scrolls of magic mapping {!r}
 o - 2 scrolls of fog {unknown}
 r - 2 scrolls of remove curse
 y - a scroll of blinking {!r}
 z - a scroll of identify
Potions
 d - a potion of berserk rage {!q}
 g - a potion of agility {unknown}
 l - 4 potions of might
 t - 6 potions of curing
 x - 2 potions of degeneration {unknown}
Books
 b - a book of Conjurations
 w - Xunop's Volume of Creative Execration
   (You found it on level 6 of the Dungeon)

   Spells                             Type                      Level
   a - Confusing Touch                Hexes                        1
   b - Summon Small Mammal            Summoning                    1
   c - Call Imp                       Summoning                    2
   d - Tukima's Dance                 Hexes                        3
   e - Leda's Liquefaction            Hexes/Earth                  4
   f - Summon Lightning Spire         Summoning/Air                4
   g - Yara's Violent Unravelling     Hexes/Transmutation          5
Comestibles
 c - 9 rations
 q - 2 chunks of flesh {@w0}


   Skills:
 - Level 3.7 Fighting
 - Level 6.2 Dodging
 - Level 2.4 Stealth
 - Level 7.0 Spellcasting
 - Level 7.8 Conjurations
 + Level 9.1 Hexes
 - Level 3.7 Translocations


You had 4 spell levels left.
You knew the following spells:

 Your Spells              Type           Power        Failure   Level  Hunger
a - Magic Dart            Conj           ####         1%          1    None
b - Searing Ray           Conj           #####.       1%          2    None
c - Dazzling Spray        Conj/Hex       #####.       1%          3    None
d - Fulminant Prism       Conj/Hex       #####.....   2%          4    ###....
e - Force Lance           Conj/Tloc      #####...     6%          4    ###....
x - Iskenderun's Mystic   Conj           #####...     2%          4    ###....


Dungeon Overview and Level Annotations

Branches:
Dungeon (7/15)             Temple (0/1) D:6

Altars:
Dithmenos
Fedhas
Hepliaklqana
Okawaru
Sif Muna
Yredelemnul

Shops:
D:4 (   D:7 !

Annotations:
D:5 exclusion: slave


Message History

The spray of energy hits the deep elf mage.
The deep elf mage is dazzled.
The spray of energy hits the plant.
You now have 27/30 mp.
Okay, then.
Unknown command.
Aim: a deep elf mage, wielding a long sword (moderately wounded, blind, umbra)
The lance of force hits the deep elf mage.
The deep elf mage is knocked back by the lance of force.
You now have 23/30 mp.
Aim: a deep elf mage, wielding a long sword (severely wounded, blind)
The lance of force hits the deep elf mage.
You kill the deep elf mage!
Dithmenos accepts your kill.
Dithmenos appreciates your extinguishing a source of fire.
Your Hexes skill increases to level 8!
You now have 19/30 mp.
You start resting.
MP restored: 30
There is an open gate here.
c - 8 rations (gained 1)
You open the gate.
There is a fountain of clear blue water here.
You open the gate.
There is an open gate here.
z - a scroll of identify
l - 4 potions of might (gained 1)
c - 9 rations (gained 1)
A centaur comes into view.
Aim: a centaur (resting, umbra)
The spray of energy hits the centaur.
The centaur shouts!
The centaur is dazzled.
You now have 27/30 mp.
You strike the helpless centaur from behind!
You hit the centaur but do no damage. The centaur barely misses you.
The centaur completely misses you.
You hit the centaur.
The centaur is poisoned.
The centaur misses you. The centaur barely misses you.
The centaur closely misses you.
You hit the centaur.
The centaur is no longer blind.
The centaur closely misses you. The centaur misses you.
You closely miss the centaur. The centaur misses you.
The centaur barely misses you.
You barely miss the centaur. The centaur closely misses you.
The centaur hits you.
You take 1 damage, and have 51/52 hp.
You hit the centaur but do no damage.
The centaur looks as sick as possible!
The centaur barely misses you. The centaur hits you!
You take 9 damage, and have 42/52 hp.
You closely miss the centaur. The centaur closely misses you.
The centaur misses you.
You hit the centaur.
You kill the centaur!
Dithmenos accepts your kill.
Your Hexes skill increases to level 9!
Unknown command.
Things that are here:
a shortbow; 11 arrows; MP restored: 30 There isn't anything to butcher here.
Unknown command.
Some of the chunks of flesh in your inventory have rotted away.
You see here a scale mail.
Found a stone staircase leading down.
You regained 2 hp, and now have 44/52 hp.
A troll comes into view.
Aim: a troll (resting, umbra)
The spray of energy hits the troll.
The troll shouts!
You now have 27/30 mp.
Aim: a troll (lightly wounded, umbra)
The spray of energy misses the troll.
The troll barely misses you. The troll closely misses you.
The troll misses you.
You now have 24/30 mp.
Aim: a troll (lightly wounded, umbra)
The lance of force hits the troll.
The troll is knocked back by the lance of force.
You now have 20/30 mp.
You conjure a prism of explosive energy!
You now have 16/30 mp.
Aim: a fulminant prism (friendly)
Okay, then.
Unknown command.
The troll closely misses you. The troll claws you. The troll claws you!
Your fulminant prism crackles loudly.
You take 8 damage, and have 38/52 hp.
Unknown command.
Aim: a troll (moderately wounded, umbra)
Okay, then.
Unknown command.
The troll bites you. The troll claws you! The troll barely misses you.
The blast of energy engulfs the troll.
You hear an angry hiss.
You take 16 damage, and have 22/52 hp.
MASSIVE DAMAGE!!
The lance of force hits the troll.
The troll misses you. The troll claws you. The troll closely misses you.
You take 6 damage, and have 16/52 hp.
You now have 13/30 mp.
You miscast Force Lance.
You are very lightly contaminated with residual magic.
You spin around.
The troll bites you!
You die...

#.# #.####
#.# #.#
##.###.#
#.#.##.#
##)###.#
#.# #.#
#.# #.#
#.# #T#
#[# #@#
#.# #.#
#.# #.#
#.###.##
#.##...#
#.#.#>#.##
#........#
###.#.#.##
##......


You could see a troll.

Vanquished Creatures
  Pikel (D:5)
  A deep elf mage (D:7)
  Sigmund (D:5)
  Menkaure (D:4)
  3 ice beasts (D:6)
  A slave (D:5)
  A phantom (D:4)
  4 ogres
  2 centaurs
  A bullfrog (D:6)
  A wight (D:6)
  2 electric eels (D:6)
  A crimson imp (D:4)
  2 orc priests
  A hound (D:4)
  5 orc wizards
  2 worker ants
  A killer bee zombie (D:7)
  A hound zombie (D:7)
  Robin (D:2)
  6 adders
  2 shadow imps
  An ooze (D:1)
  An adder zombie (D:5)
  An adder skeleton (D:7)
  A worm (D:3)
  2 dart slugs
  5 leopard geckos
  22 orcs
  6 giant cockroaches
  15 goblins
  11 hobgoblins
  7 jackals (D:1)
  A quokka (D:4)
  3 ball pythons
  10 bats
  A frilled lizard (D:1)
  9 kobolds
  A quokka zombie (D:6)
  7 rats
145 creatures vanquished.

Vanquished Creatures (others)
  A slave (D:5)
  A centaur (D:5)
  An adder (D:5)
  An ooze (D:5)
  An orc (D:5)
  8 fulminant prisms
  A plant (D:6)
14 creatures vanquished.

Grand Total: 159 creatures vanquished

Notes
Turn   | Place    | Note
-------+----------+-------------------------------------------
     0 | D:1      | mhoghedin the Deep Elf Conjurer began the quest for the Orb.
     0 | D:1      | Reached XP level 1. HP: 10/10 MP: 6/6
    30 | D:1      | HP: 2/10 [ooze (4)]
    39 | D:1      | Reached XP level 2. HP: 4/15 MP: 0/8
   513 | D:1      | Reached skill level 4 in Spellcasting
   657 | D:1      | Reached skill level 5 in Conjurations
   657 | D:1      | Reached XP level 3. HP: 17/19 MP: 6/10
   668 | D:1      | Learned a level 2 spell: Searing Ray
   695 | D:1      | Learned a level 3 spell: Dazzling Spray
  1279 | D:2      | Noticed Robin
  1294 | D:2      | Reached skill level 1 in Hexes
  1552 | D:2      | Killed Robin
  1552 | D:2      | Reached XP level 4. HP: 24/24 MP: 2/12
  1721 | D:2      | Learned a level 4 spell: Iskenderun's Mystic Blast
  2109 | D:3      | Reached skill level 2 in Hexes
  2111 | D:3      | Reached skill level 5 in Spellcasting
  2111 | D:3      | Reached XP level 5. HP: 18/28 MP: 9/14
  2130 | D:3      | Learned a level 4 spell: Fulminant Prism
  2289 | D:3      | Reached skill level 3 in Hexes
  2433 | D:3      | Found a shadowy altar of Dithmenos.
  2454 | D:3      | HP: 7/28 [poisoned by kobold (curare-tipped needle)]
  2461 | D:3      | HP: 6/28 [poisoned by kobold (curare-tipped needle)]
  2469 | D:3      | HP: 5/28 [poisoned by kobold (curare-tipped needle)]
  2763 | D:3      | Became a worshipper of Dithmenos the Shadowed
  3008 | D:3      | Found a basalt altar of Yredelemnul.
  3124 | D:3      | Found a deep blue altar of Sif Muna.
  3217 | D:4      | Found Tasimeot's Antique Weapon Boutique.
  3248 | D:4      | Noticed Menkaure
  3253 | D:4      | Killed Menkaure
  3253 | D:4      | Reached skill level 6 in Conjurations
  3253 | D:4      | Reached skill level 4 in Hexes
  3253 | D:4      | Reached XP level 6. HP: 18/32 MP: 16/16
  3570 | D:4      | Reached skill level 6 in Spellcasting
  3679 | D:4      | Found a hazy altar of Hepliaklqana.
  3700 | D:4      | Found a blossoming altar of Fedhas.
  3700 | D:4      | Found a deep blue altar of Sif Muna.
  3912 | D:4      | Reached XP level 7. HP: 36/36 MP: 15/18
  3922 | D:4      | HP: 6/36 [orc priest/divine providence (15)]
  3926 | D:4      | Reached skill level 5 in Hexes
  4059 | D:4      | Learned a level 4 spell: Force Lance
  4231 | D:5      | Entered Level 5 of the Dungeon
  4247 | D:5      | Noticed Sigmund
  4257 | D:5      | Killed Sigmund
  4257 | D:5      | Reached skill level 1 in Translocations
  4259 | D:5      | Reached skill level 7 in Conjurations
  4259 | D:5      | Reached skill level 2 in Translocations
  4597 | D:5      | Noticed Pikel
  4613 | D:5      | Killed Pikel
  4613 | D:5      | Reached skill level 2 in Fighting
  4613 | D:5      | Reached skill level 5 in Dodging
  4613 | D:5      | Reached XP level 8. HP: 36/45 MP: 14/20
  4847 | D:5      | Reached * piety under Dithmenos
  5094 | D:5      | Found an iron altar of Okawaru.
  5138 | D:5      | Reached skill level 3 in Fighting
  5611 | D:6      | Reached skill level 6 in Dodging
  5779 | D:6      | Reached skill level 6 in Hexes
  5846 | D:6      | Reached skill level 7 in Spellcasting
  6268 | D:6      | Found a staircase to the Ecumenical Temple.
  6273 | D:6      | Reached skill level 3 in Translocations
  6293 | D:6      | Reached XP level 9. HP: 52/52 MP: 18/21
  6436 | D:6      | Identified Xunop's Volume of Creative Execration
  6841 | D:7      | Reached skill level 7 in Hexes
  6842 | D:7      | Found Atzan's Distillery.
  6910 | D:7      | Noticed a deep elf mage
  6914 | D:7      | Killed a deep elf mage
  6914 | D:7      | Reached skill level 8 in Hexes
  7050 | D:7      | Reached skill level 9 in Hexes
  7063 | D:7      | Noticed a troll
  7075 | D:7      | Slain by a troll

Vault maps used:
D:1:      sevenhm_arrival_forest_fort_small_3, st_stairs_4, minmay_tripent
D:2:      uniq_robin
D:3:      nicolae_dithmenos_through_a_glass_darkly,
          lemuel_coloured_pillars_altar, first_ration, minmay_misc_feat_tiny,
          minivault_26, lemuel_blue_sif_altar
D:4:      lemuel_doored_altar, gammafunk_temple_overflow_wave, serial_shops,
          nicolae_shop_trees, uniq_menkaure
D:5:      lemuel_crystal_altar, patterned_corridor, uniq_pikel, uniq_sigmund
D:6:      minmay_temple_entry_metal_lava, serial_bayou, serial_bayou_pond_c,
          serial_bayou_pond_b, serial_bayou_lagoon_a, serial_bayou_lagoon_b
D:7:      elyvilon_altar_3, serial_shops, shop, guppyfry_early_elven_hall

Skill      XL: |  1  2  3  4  5  6  7  8  9 |
---------------+----------------------------+-----
Spellcasting   | 4 5 6 7 |  7.0
Conjurations   | 5 6 7 |  7.8
Hexes          | 1 2 4 5 6 9 |  9.1
Translocations | 2 3 |  3.7
Fighting       | 2 3 |  3.7
Dodging        | 5 6 |  6.2
Stealth        | |  2.4

Action                   |  1- 3 |  4- 6 |  7- 9 || total
-------------------------+-------+-------+-------++-------
Melee: Unarmed           |     2 |       |       ||     2
       Club              |     7 |     3 |     1 ||    11
       Mace              |       |       |    32 ||    32
 Cast: Magic Dart        |    60 |    81 |    57 ||   198
       Searing Ray       |     4 |     6 |     8 ||    18
       Dazzling Spray    |     1 |    10 |    38 ||    49
       Force Lance       |       |       |    15 ||    15
       Fulminant Prism   |       |       |     8 ||     8
Evoke: Wand              |       |     1 |       ||     1
  Use: Scroll            |       |     5 |     5 ||    10
       Potion            |       |     1 |     1 ||     2
 Stab: Invisible         |       |       |     2 ||     2
  Eat: Chunk             |     2 |     4 |     6 ||    12
       Ration            |       |     1 |     2 ||     3
Armor: Robe              |     7 |     6 |    10 ||    23
Dodge: Dodged            |    28 |    13 |   105 ||   146

Table legend:
 A = Spawn XP
 B = Non-spawn XP
 C = Spawn XP percentage of total XP
 D = Spawn monster count
 E = Non-spawn monster count
 F = Spawn count percentage of total count
 G = Total turns spent on level
                    A         B        C        D         E        F      G
               +---------+---------+-------+---------+---------+-------+---------
         Total |       0 |    3899 |   0.0 |       0 |     144 |   0.0 |  7075
               +---------+---------+-------+---------+---------+-------+---------
           D:1 |       0 |      63 |   0.0 |       0 |      33 |   0.0 |  1382
           D:2 |       0 |      56 |   0.0 |       0 |      24 |   0.0 |   688
           D:3 |       0 |     187 |   0.0 |       0 |      28 |   0.0 |  1084
           D:4 |       0 |     523 |   0.0 |       0 |      16 |   0.0 |  1300
           D:5 |       0 |    1170 |   0.0 |       0 |      16 |   0.0 |  1262
           D:6 |       0 |    1070 |   0.0 |       0 |      16 |   0.0 |  1040
           D:7 |       0 |     830 |   0.0 |       0 |      11 |   0.0 |   319
               +---------+---------+-------+---------+---------+-------+---------

Vault maps used:
D:1:      sevenhm_arrival_forest_fort_small_3, st_stairs_4, minmay_tripent
D:2:      uniq_robin
D:3:      nicolae_dithmenos_through_a_glass_darkly,
          lemuel_coloured_pillars_altar, first_ration, minmay_misc_feat_tiny,
          minivault_26, lemuel_blue_sif_altar
D:4:      lemuel_doored_altar, gammafunk_temple_overflow_wave, serial_shops,
          nicolae_shop_trees, uniq_menkaure
D:5:      lemuel_crystal_altar, patterned_corridor, uniq_pikel, uniq_sigmund
D:6:      minmay_temple_entry_metal_lava, serial_bayou, serial_bayou_pond_c,
          serial_bayou_pond_b, serial_bayou_lagoon_a, serial_bayou_lagoon_b
D:7:      elyvilon_altar_3, serial_shops, shop, guppyfry_early_elven_hall

Table legend:
 A = Turns spent in this place as a percentage of turns spent in the entire game.
 B = Non-inter-level travel turns spent in this place as a percentage of non-inter-level travel turns spent in the entire game.
 C = Inter-level travel turns spent in this place as a percentage of turns spent in this place.
 D = Turns resting spent in this place as a percentage of non-inter-level travel turns spent in this place.
 E = Turns spent auto-exploring this place as a percentage of non-inter-level travel turns spent in this place.
 F = Non-inter-level travel turns spent in this place divided by the number of levels of this place that you've seen.
                   A       B       C       D       E      F
               +-------+-------+-------+-------+-------+----------------------
         Total | 100.0 | 100.0 |   4.2 |  36.2 |  47.7 | 968.7
       Dungeon | 100.0 | 100.0 |   4.2 |  36.2 |  47.7 | 968.7
               +-------+-------+-------+-------+-------+----------------------

Table legend:
 A = Kills in this place as a percentage of kills in entire the game.
 B = Kills by you in this place as a percentage of kills by you in the entire game.
 C = Kills by friends in this place as a percentage of kills by friends in the entire game.
 D = Other kills in this place as a percentage of other kills in the entire game.
 E = Experience gained in this place as a percentage of experience gained in the entire game.
 F = Experience gained in this place divided by the number of levels of this place that you have seen.
                   A       B       C       D       E      F
               +-------+-------+-------+-------+-------+----------------------
         Total | 100.0 | 100.0 |   N/A |   N/A | 100.0 | 557.0
       Dungeon | 100.0 | 100.0 |   N/A |   N/A | 100.0 | 557.0
               +-------+-------+-------+-------+-------+----------------------
